Winsalot, chaotic male human Monk ---- |..| |..------ ---..--.-- |......| |......| ---- ---....| ------ |..| ---.--.| ---- --.--.-- .- |..------- |...||.| --<.---......| --.--...--...| -- ---.---|.| |....%......-- -.....`..^...| ..-- |...| --.----..---...---- ............----...|--.--- |.......-- |...| ..-...........--...-|>..| |...----- --.-- -----...............----.--- --..| --- | |..|.%..............||...| |.-- |..... --........%.......%..--.--- |.| -..........Gh@...))........%.....| -.| ---.........G....---...........--- .| --..........|..| ----.|.......| .| --------.------ -----.|..-- --- -- ------ Winsalot the Novice Experience level: 4 Strength: 15 Dexterity: 11 Constitution: 14 Intelligence: 13 Wisdom: 13 Charisma: 9 Health: 0(29) Energy: 21(21) Def: 6 Gold: 165 Moves: 358 Dungeon seed: C93HQxXZI7kdofpD Game ID: Winsalot_1527944106 Your Inventory: Coins $ - 165 gold pieces Armor e - an uncursed +2 pair of leather gloves (being worn) n - an uncursed +1 robe (being worn) q - an uncursed +0 dwarvish iron helm r - an uncursed +0 pair of iron shoes Comestibles d - 4 uncursed food rations f - 6 uncursed apples g - 5 uncursed oranges h - 4 uncursed fortune cookies Scrolls b - an uncursed scroll of teleportation Spellbooks a - a blessed spellbook of protection Potions c - 2 uncursed potions of healing j - an uncursed potion of oil Tools i - an uncursed oil lamp (0:1437) k - an uncursed oil lamp (0:1421) (alternate weapon; not wielded) l - an uncursed tin whistle Spells and supernatural/magical abilities: Name Level Category Cost Memory W - pray for help -- divine ? -- Your skills at the end: Fighting Skills martial arts [Basic] wands [Basic] Weapon Skills Spellcasting Skills healing spells [Basic] Final Attributes: You were piously aligned. You were immune to sleep. You were poison resistant. You saw invisible. You were fast. Huan Ti was noncommittal. You are dead. Vanquished creatures: 2 gnome lords a dwarf 6 gnomes a fox 2 sewer rats 2 grid bugs a newt 15 creatures vanquished. Voluntary challenges: You went without food. You were an atheist. You never hit with a wielded weapon. You were illiterate. You never genocided any monsters. You never polymorphed an object. You never changed form. You used no wishes. You never split a pudding. You never wrote Elbereth's name. You never violated your personal moral code. Dungeon overview: The Dungeons of Doom: levels 1 to 2 Level 1 a long staircase Level 2 stairs to The Gnomish Mines The Gnomish Mines: Level 3 <- You were here stairs to The Dungeons of Doom History has recorded: On T:1 you entered the Dungeons of Doom to retrieve the Amulet of Yendor! On T:253 you reached level 2 of The Dungeons of Doom. On T:283 you reached level 1 of The Gnomish Mines. On T:289 you advanced to experience level 2. On T:333 you advanced to experience level 3. On T:348 you advanced to experience level 4. Score breakdown: Gold: 165 ( 7552 points) Experience: 4 levels ( 9649 points) Exploration: 3 levels ( 6.25%) ( 6188 points) Discoveries: 1 item ( 0.35%) ( 1780 points) Valuables value: (no points given unless you survive) Artifact value: 0 ( 0 points) Variety of kills: 7 monsters ( 1.84%) ( 4071 points) Turncount: 358 turns ( 0 points) Survival: died (score multiplied by 80%) Total score: 23392 Latest messages: You miss the dwarf. The dwarf thrusts her broad short sword at you. The dwarf just misses! The gnome lady hits! You miss the dwarf. (2x) The gnome lady hits! The gnome throws a dart! The dart misses the dwarf. You are almost hit by a dart. You miss the dwarf. (2x) The dwarf thrusts her broad short sword at you. The dwarf just misses! You miss the dwarf. The gnome lady hits! You miss the dwarf. The dwarf thrusts her broad short sword at you. The dwarf hits! The gnome lady hits! You feel better. You hit the dwarf! You miss the dwarf. The dwarf thrusts her broad short sword at you. The dwarf hits! The gnome lady hits! You die... Final status: Goodbye Winsalot the Monk, killed by a gnome lady... You died in The Gnomish Mines on dungeon level 3 with 23392 points, and 165 pieces of gold, after 358 moves. You were level 4 with a maximum of 29 hit points when you died.